 Dungeon Crawl Stone Soup version 0.26-a0-611-g354ed81502 (webtiles) character file.

Game seed: 9473472778468544407

11141 Camlann the Nimble (level 11, -4/83 HPs)
             Began as a Demonspawn Gladiator on Sept 6, 2020.
             Slain by a soul eater (6 damage)
             ... in a Gauntlet.
             The game lasted 00:30:19 (9906 turns).

Camlann the Nimble (Demonspawn Gladiator)           Turns: 9906, Time: 00:30:20

Health: -4/83      AC: 21    Str: 19    XL:     11   Next: 45%
Magic:  11/11      EV: 17    Int:  9    God:
Gold:   138        SH:  5    Dex: 14    Spells: 10/10 levels left

rFire    + . .     SeeInvis .   s - +0 war axe (drain)
rCold    + . .     Faith    .   m - +0 buckler
rNeg     . . .     Spirit   .   t - +1 chain mail {rPois}
rPois    +         Reflect  .   d - +0 helmet
rElec    .         Harm     .   (no cloak)
rCorr    .         NoTele   +   a - +0 pair of gloves
MR       .....                  (no boots)
Stlth    ..........             g - amulet of regeneration
HPRegen  0.63/turn              E - +4 ring of evasion
MPRegen  0.12/turn              C - ring of protection from cold

@: sanguine armour, drained
A: talons 2, fire resistance 1, spiny 1, sanguine armour 1
a: no special abilities


You were in a Gauntlet.
You visited 1 branch of the dungeon, and saw 12 of its levels.
You also visited: Gauntlet.

You collected 709 gold pieces.
You spent 571 gold pieces at shops.


Innate Abilities, Weirdness & Mutations

You have razor-sharp toenails.
Your flesh is heat resistant. (rF+)
You are partially covered in sharp spines.
When seriously injured, your bleeding wounds create armour. (AC +6)


   Skills:
 - Level 6.4(5.6) Fighting
 - Level 1.7(1.0) Throwing
 - Level 10.5(9.6) Armour
 + Level 11.2(10.2) Dodging
 - Level 4.0(3.2) Shields
 - Level 2.6(1.9) Unarmed Combat


You had 10 spell levels left.
You didn't know any spells.
Your spell library contained the following spells:

 Spells                   Type           Power        Failure   Level
 Corona                   Hex            #......      98%         1
 Ensorcelled Hibernation  Hex/Ice        #.....       99%         2
 Slow                     Hex            #.......     99%         2
 Confusing Touch          Hex            #.......     100%        3
 Dazzling Flash           Conj/Hex       #.....       100%        3
 Inner Flame              Hex/Fire       #.......     100%        3
 Portal Projectile        Hex/Tloc       #.....       100%        3
 Tukima's Dance           Hex            #.......     100%        3
 Cause Fear               Hex            #.........   100%        4
 Leda's Liquefaction      Hex/Erth       #.........   100%        4

Inventory:

Hand Weapons
 s - a +0 war axe of draining (weapon)
Missiles
 c - 3 throwing nets {=f}
 r - 5 silver boomerangs (quivered)
 B - 7 boomerangs of dispersal {=f}
Armour
 a - a +0 pair of gloves (worn)
 d - a +0 helmet (worn)
 m - a +0 buckler (worn)
 t - a +1 chain mail of poison resistance (worn)
 w - the +3 scale mail of Red Liberty {Dex+4}
   (You took it off an orc on level 10 of the Dungeon)

   It affects your dexterity (+4).
 H - a +0 pair of gloves of strength
Jewellery
 g - an amulet of regeneration (around neck)
 C - a ring of protection from cold (right hand)
 E - a +4 ring of evasion (left hand)
 P - an uncursed ring of poison resistance
Wands
 f - a wand of iceblast (14)
 h - a wand of disintegration (7)
 v - a wand of paralysis (6)
 y - a wand of acid (7)
 G - a wand of digging (4)
Scrolls
 e - 3 scrolls of remove curse {@r2}
 j - a scroll of amnesia
 l - 2 scrolls of enchant weapon
 n - 2 scrolls of identify {@r1}
 o - a scroll of enchant armour
 q - 3 scrolls of fog
 u - 2 scrolls of immolation {!r}
 x - 3 scrolls of teleportation {@r4}
 F - a scroll of magic mapping
Potions
 b - 2 potions of haste {@q3}
 i - 4 potions of curing {@q1}
 k - 3 potions of brilliance
 p - 2 potions of resistance
 z - a potion of might
 A - 2 potions of stabbing
 D - 2 potions of heal wounds {@q2}

Dungeon Overview and Level Annotations

Branches:
Dungeon (12/15)            Temple (0/1) D:6            Lair (0/6) D:10
    Orc (0/2) D:12        Gauntlet (1/1)

Altars:
Elyvilon
Wu Jian
The Shining One

Shops:
D:9 *   D:10 =   D:11 =*!=

Annotations:
Gauntlet 9 transporters

.≈≈...≈..#..#.###...#..##
.≈...≈.≈.#..#.#...#.#..≈#
?.≈[©..≈.#..#...###.#..##
##########..#.#.©.#.#..≈#
...#©#......#.###^..#..##
...#©#......#.#...#.#..≈#
###### ##..#...©...#..##
xg#... .#..#########..§#
...#.. .#.....#@#.....##
...#.. ##.....#3#.....≈#
...©#. .#..#########..##
...###. .#..#..YJt..#..§#
.##.#.. .#..#.####..#..##
#....# .#..#.....#.#..≈#
.....#. #..####©.#.#..##
....©[# #..#.?.#.#.#..≈#
####### .=#.#s#..##


You could see a slime creature shaped shifter, a soul eater, a crocodile shaped
shifter and a sky beast shaped shifter.


Message History

The soul eater is moderately wounded.
The two-headed ogre changes into a slime creature!
The soul eater hits you but does no damage. x2
You barely miss the soul eater. Your kick misses the soul eater.
The soul eater is lightly wounded.
The soul eater hits you.
* * * LOW HITPOINT WARNING * * *
You hit the soul eater but do no damage.
You claw the soul eater, but do no damage.
The soul eater is lightly wounded.
The soul eater hits you but does no damage.
The soul eater closely misses you.
You hit the soul eater but do no damage.
The soul eater is lightly wounded.
The basilisk hisses menacingly.
The soul eater draws from the surrounding life force!
* * * LOW HITPOINT WARNING * * *
The soul eater is healed.
You closely miss the soul eater.
The basilisk changes into a sky beast!
The soul eater hits you!
* * * LOW HITPOINT WARNING * * *
The soul eater closely misses you.
You slash the soul eater!
The soul eater is lightly wounded.
The soul eater draws from the surrounding life force!
* * * LOW HITPOINT WARNING * * *
The soul eater is healed.
You hit the soul eater but do no damage.
Your kick misses the soul eater. The soul eater hits you.
You die...

Skill      XL: |  1  2  3  4  5  6  7  8  9 10 11 |
---------------+----------------------------------+-----
Fighting       | 3 4 6 |  6.4
Armour         | 2 4 8 10 | 10.5
Shields        | 2 4 |  4.0
Dodging        | 4 9 11 | 11.2
Throwing       | |  1.7
Unarmed Combat | |  2.6

Action                   |  1- 3 |  4- 6 |  7- 9 | 10-12 || total
-------------------------+-------+-------+-------+-------++-------
Melee: Unarmed           |   151 |    37 |       |       ||   188
       Punch             |     1 |       |       |       ||     1
       Dagger            |       |   113 |    73 |       ||   186
       Kick              |       |    45 |   104 |   118 ||   267
       Whip              |       |       |   189 |       ||   189
       War axe           |       |       |    88 |   326 ||   414
Throw: Boomerang         |       |    29 |    38 |       ||    67
Evoke: Wand              |     5 |     3 |     6 |     1 ||    15
  Use: Potion            |       |     1 |     5 |       ||     6
       Scroll            |       |       |    13 |     9 ||    22
 Stab: Sleeping          |     2 |       |       |       ||     2
       Paralysed         |     3 |     1 |    11 |     5 ||    20
       Invisible         |       |       |     3 |       ||     3
Armor: Leather armour    |    44 |    28 |       |       ||    72
       Chain mail        |       |    33 |   133 |   172 ||   338
Dodge: Dodged            |   103 |    73 |   225 |   316 ||   717
Block: Buckler           |     2 |    24 |    86 |   119 ||   231

Levels and vault maps discovered:
D:1:      minmay_arrival_jagged, layout_basic
D:2:      layout_basic, uniq_jessica
D:3:      layout_rooms
D:4:      wad_lake_hut, layout_loops_ring
D:5:      layout_basic, minmay_diced_spiral
D:6:      layout_basic, nicolae_tso_swordbearing_angel,
          minmay_temple_entry_junction, basic_altar, nrook_mini_backslash
D:7:      layout_rooms, gammafunk_ghost_cemetery, kennysheep_generic_room_2
D:8:      layout_loops_ring, overflow_temple_1_default
D:9:      layout_rooms, serial_shops, shop_statue
D:10:     layout_roguey, david_lair_shrubbed, serial_shops,
          kennysheep_little_box
D:11:     layout_gridville, serial_shops, nicolae_shop_crystal,
          nicolae_shop_trees, shop_statue, shop_fountains, uniq_grum
D:12:     layout_loops_corners, orc_0_dummy, gauntlet_entry_generic
Gauntlet: minmay_gauntlet_mixed_big_or_small
          [nicolae_gauntlet_arena_flowing_pool,
          minmay_gauntlet_arena_77_broken_ladder, nicolae_gauntlet_swirl,
          minmay_gauntlet_arena_77_radiant_squares,
          gammafunk_gauntlet_arena_arrow_garden,
          minmay_gauntlet_arena_77_mirror, gauntlet_exit_hidden_loot]

Notes
Turn   | Place    | Note
-------+----------+-------------------------------------------
     0 | D:1      | Camlann the Demonspawn Gladiator began the quest for the
                  | Orb.
     0 | D:1      | Reached XP level 1. HP: 16/16 MP: 1/1
   233 | D:1      | Gained mutation: When seriously injured, your bleeding
                  | wounds create armour. (AC +6) [demonic ancestry]
   233 | D:1      | Reached XP level 2. HP: 23/23 MP: 2/2
   518 | D:1      | Reached skill level 3 in Fighting
   981 | D:1      | Reached XP level 3. HP: 23/29 MP: 3/3
  1745 | D:2      | Noticed Jessica
  1765 | D:2      | Killed Jessica
  1765 | D:2      | Reached skill level 4 in Fighting
  1765 | D:2      | Gained mutation: You have sharp toenails. [demonic
                  | ancestry]
  1765 | D:2      | Reached XP level 4. HP: 27/38 MP: 4/4
  2723 | D:3      | Reached skill level 5 in Fighting
  2896 | D:3      | Noticed an ogre
  2932 | D:3      | Killed an ogre
  2932 | D:3      | Reached skill level 6 in Fighting
  2932 | D:3      | Gained mutation: Your flesh is heat resistant. (rF+)
                  | [demonic ancestry]
  2932 | D:3      | Reached XP level 5. HP: 35/46 MP: 5/5
  3249 | D:4      | Gained mutation: You have razor-sharp toenails. [demonic
                  | ancestry]
  3249 | D:4      | Reached XP level 6. HP: 49/53 MP: 6/6
  3495 | D:4      | Reached skill level 1 in Armour
  3495 | D:4      | Reached skill level 1 in Shields
  3845 | D:4      | Reached skill level 2 in Armour
  3845 | D:4      | Reached skill level 2 in Shields
  4024 | D:5      | Entered Level 5 of the Dungeon
  4036 | D:5      | Reached XP level 7. HP: 59/59 MP: 7/7
  4179 | D:5      | Reached skill level 3 in Armour
  4179 | D:5      | Reached skill level 3 in Shields
  5032 | D:5      | Identified a potion of resistance
  5076 | D:6      | Reached skill level 4 in Armour
  5076 | D:6      | Reached skill level 4 in Shields
  5117 | D:6      | Gained mutation: You are partially covered in sharp spines.
                  | [demonic ancestry]
  5117 | D:6      | Reached XP level 8. HP: 57/65 MP: 8/8
  5152 | D:6      | Reached skill level 5 in Armour
  5290 | D:6      | Found a staircase to the Ecumenical Temple.
  5367 | D:6      | Found a white marble altar of Elyvilon.
  5399 | D:6      | Reached skill level 6 in Armour
  5699 | D:6      | Found a glowing golden altar of the Shining One.
  5847 | D:7      | Found a runed translucent gate.
  5847 | D:7      | Found a runed translucent gate.
  5847 | D:7      | Found a runed translucent gate.
  5861 | D:7      | Reached skill level 7 in Armour
  6109 | D:7      | Reached skill level 8 in Armour
  6109 | D:7      | Reached XP level 9. HP: 58/71 MP: 9/9
  6509 | D:7      | Noticed ikjuyhgtrf's ghost (novice HOFi)
  6510 | D:7      | Noticed ildemir's ghost (novice HaHu)
  6586 | D:7      | Killed ildemir's ghost
  6586 | D:7      | Reached skill level 9 in Armour
  6611 | D:7      | Killed ikjuyhgtrf's ghost
  6611 | D:7      | Reached skill level 10 in Armour
  6745 | D:8      | Reached skill level 3 in Dodging
  7120 | D:8      | Found an ornate altar of the Wu Jian Council.
  7221 | D:9      | Reached skill level 4 in Dodging
  7229 | D:9      | Reached XP level 10. HP: 68/77 MP: 10/10
  7319 | D:9      | Reached skill level 5 in Dodging
  7532 | D:9      | Found Pibbarch's Assorted Antiques.
  7539 | D:9      | Bought a scroll labeled GIFICL SUYLLU for 30 gold pieces
  7539 | D:9      | Bought a diamond ring for 150 gold pieces
  7539 | D:9      | Bought a pink potion for 27 gold pieces
  7539 | D:9      | Bought a glowing ruby ring for 150 gold pieces
  7539 | D:9      | Bought 2 viscous cyan potions for 54 gold pieces
  7659 | D:10     | Entered Level 10 of the Dungeon
  7804 | D:10     | Reached skill level 6 in Dodging
  7973 | D:10     | Found Tadgh's Jewellery Emporium.
  8033 | D:10     | Reached skill level 7 in Dodging
  8164 | D:10     | Noticed a two-headed ogre
  8179 | D:10     | Killed a two-headed ogre
  8179 | D:10     | Reached skill level 8 in Dodging
  8254 | D:10     | Identified the +3 scale mail of Red Liberty {Dex+4}
  8324 | D:10     | Reached skill level 9 in Dodging
  8461 | D:10     | Found a staircase to the Lair.
  8580 | D:11     | Found Vutt's General Store.
  8582 | D:11     | Noticed Grum
  8598 | D:11     | Reached XP level 11. HP: 83/83 MP: 11/11
  8608 | D:11     | Killed Grum
  8732 | D:11     | Found Cunonk's Jewellery Shoppe.
  8993 | D:11     | Killed an unseen horror
  8993 | D:11     | Reached skill level 10 in Dodging
  9020 | D:11     | Found Cesua's Distillery.
  9024 | D:11     | Bought a potion of heal wounds for 80 gold pieces
  9024 | D:11     | Bought a potion of heal wounds for 80 gold pieces
  9202 | D:11     | Found Nutwaso's Jewellery Shoppe.
  9648 | D:12     | Reached skill level 11 in Dodging
  9707 | D:12     | Found a staircase to the Orcish Mines.
  9709 | D:12     | Found a gate leading to a gauntlet.
  9734 | Gauntlet | Entered a Gauntlet
  9734 | Gauntlet | Found a transporter.
  9734 | Gauntlet | Found a transporter.
  9734 | Gauntlet | Found a transporter.
  9736 | Gauntlet | Noticed a soul eater
  9744 | Gauntlet | Found a transporter.
  9747 | Gauntlet | Found a transporter.
  9749 | Gauntlet | Noticed a death drake
  9758 | Gauntlet | Found a transporter.
  9758 | Gauntlet | Noticed an orb spider
  9758 | Gauntlet | a queen bee changed into an orb spider
  9760 | Gauntlet | a death drake changed into a salamander
  9766 | Gauntlet | Found a transporter.
  9766 | Gauntlet | Noticed a mana viper
  9766 | Gauntlet | a salamander changed into a mana viper
  9784 | Gauntlet | Found a transporter.
  9801 | Gauntlet | Found a transporter.
  9804 | Gauntlet | Found a transporter.
  9814 | Gauntlet | Found a transporter.
  9898 | Gauntlet | Noticed a two-headed ogre
  9898 | Gauntlet | a faun changed into a two-headed ogre
  9900 | Gauntlet | a two-headed ogre changed into a slime creature
  9905 | Gauntlet | HP: 1/83 [soul eater/drain life (18)]
  9906 | Gauntlet | Slain by a soul eater

Vanquished Creatures
  A two-headed ogre (D:10)
  The ghost of ildemir the Covert, a novice HaHu of Gozag (D:7)
  The ghost of ikjuyhgtrf the Cleaver, a novice HOFi of Okawaru (D:7)
  An unseen horror (D:11)
  A komodo dragon (D:10)
  A kobold demonologist (D:11)
  2 hornets (D:11)
  2 hippogriffs
  2 wraiths
  9 yaks
  Grum (D:11)
  An acid dragon (D:11)
  8 orc warriors
  A sky beast (D:10)
  2 ice beasts
  2 black bears
  8 ogres
  3 phantoms
  A necrophage (D:9)
  A centaur (D:8)
  4 wolves (D:11)
  5 big kobolds
  9 bullfrogs
  A gnoll sergeant (D:9)
  A wyvern zombie (D:11)
  2 scorpions
  2 howler monkeys
  A centaur zombie (D:5)
  A bullfrog zombie (D:10)
  A quasit (D:6)
  10 hounds
  9 orc priests
  2 centaur skeletons
  3 iguanas
  3 jellies
  13 orc wizards
  A gnoll shaman (D:6)
  Jessica (D:2)
  8 worker ants
  A hound skeleton (D:6)
  A howler monkey zombie (D:7)
  12 gnolls
  10 adders
  4 shadow imps
  2 ufetubi
  An ooze (D:4)
  An adder skeleton (D:6)
  2 worms
  2 dart slugs
  9 leopard geckos
  49 orcs
  5 giant cockroaches
  7 goblins
  11 hobgoblins
  9 jackals
  31 kobolds
  5 quokkas
  A ball python (D:5)
  6 bats
  3 frilled lizards
  A leopard gecko skeleton (D:5)
  A leopard gecko zombie (D:6)
  2 quokka skeletons
  7 rats
309 creatures vanquished.

Vanquished Creatures (others)
  15 plants
  16 withered plants
31 creatures vanquished.

Grand Total: 340 creatures vanquished

Table legend: (Time is in decaauts)
 A = Elapsed time spent in this place.
 B = Non-inter-level travel time spent in this place.
 C = Inter-level travel time spent in this place.
 D = Time resting spent in this place.
 E = Time spent auto-exploring this place.
 F = Levels seen in this place.
 G = Mean time per level.
                   A        B        C        D        E       F      G
               +--------+--------+--------+--------+--------+-----+--------+
         Total |  10211 |  10004 |    207 |   1387 |   6231 |  13 |  785.5 |
       Dungeon |  10027 |   9820 |    207 |   1387 |   6218 |  12 |  835.6 |
      Gauntlet |    184 |    184 |      0 |      0 |     13 |   1 |  184.0 |
               +--------+--------+--------+--------+--------+-----+--------+

Top non-repeatable levels by time:
     D:1: 1352 daAuts
     D:5: 1043 daAuts
     D:3: 1042 daAuts
    D:11: 989 daAuts
     D:4: 961 daAuts
    D:10: 953 daAuts
     D:7: 922 daAuts
     D:6: 809 daAuts
     D:2: 723 daAuts
     D:8: 498 daAuts
     D:9: 491 daAuts
    D:12: 239 daAuts
Gauntlet: 184 daAuts

Table legend:
 A = Non-vault XP
 B = Vault XP
 C = Vault XP percentage of total XP
 D = Non-vault monster count
 E = Vault monster count
 F = Vault count percentage of total count
                 A         B        C        D         E       F
            +---------+---------+-------+---------+---------+-------
      Total |   12978 |    2939 |  18.5 |     291 |      18 |   5.8
            +---------+---------+-------+---------+---------+-------
        D:1 |      50 |       0 |   0.0 |      27 |       0 |   0.0
        D:2 |      25 |      37 |  59.7 |      15 |       1 |   6.2
        D:3 |     205 |       0 |   0.0 |      19 |       0 |   0.0
        D:4 |     409 |       0 |   0.0 |      21 |       0 |   0.0
        D:5 |     273 |     252 |  48.0 |      19 |       4 |  17.4
        D:6 |    1022 |       0 |   0.0 |      36 |       0 |   0.0
        D:7 |    1027 |    1604 |  61.0 |      28 |       4 |  12.5
        D:8 |     492 |       0 |   0.0 |       9 |       0 |   0.0
        D:9 |    1141 |       0 |   0.0 |      29 |       0 |   0.0
       D:10 |    3639 |     361 |   9.0 |      37 |       1 |   2.6
       D:11 |    3555 |     651 |  15.5 |      39 |       5 |  11.4
       D:12 |    1140 |       0 |   0.0 |      12 |       0 |   0.0
   Gauntlet |       0 |      34 | 100.0 |       0 |       3 | 100.0
            +---------+---------+-------+---------+---------+-------
